 Dungeon Crawl Stone Soup version 0.21.1-1-g345015f (webtiles) character file.

6868 troglodite the Protected (level 10, -13/79 HPs)
             Began as a Demonspawn Berserker on Feb 22, 2018.
             Was an Elder of Trog.
             Shot with a bolt by a yaktaur captain (26 damage)
             ... on level 8 of the Dungeon on Feb 26, 2018.
             The game lasted 00:21:11 (7747 turns).

troglodite the Protected (Demonspawn Berserker)     Turns: 7747, Time: 00:21:12

Health: -13/79     AC: 19    Str: 20    XL:     10   Next: 78%
Magic:  10/10      EV:  7    Int:  9    God:    Trog [****..]
Gold:   522        SH: 10    Dex: 16    Spells: 9/9 levels left

rFire    . . .     SeeInvis .   s - +7 long sword of Due Proportion {elec, rN+ Str+3 Stlth+}
rCold    . . .     Gourm    .   m - +0 shield
rNeg     + + .     Faith    .   p - +0 plate armour
rPois    .         Spirit   .   (helmet unavailable)
rElec    .         Reflect  .   e - +0 cloak
rCorr    .         Harm     .   w - +0 pair of gloves (curse)
MR       .....                  (no boots)
Stlth    ..........             (no amulet)
HPRegen  0.23/turn              y - ring of positive energy
MPRegen  0.12/turn              (no ring)

@: berserk cooldown, slowed, very slow
A: horns 3, thin metallic scales 2, spiny 1
a: Berserk, Trog's Hand, Brothers in Arms, Burn Spellbooks, Renounce Religion


You were on level 8 of the Dungeon.
You worshipped Trog.
Trog was greatly pleased with you.
You were very hungry.

You visited 1 branch of the dungeon, and saw 8 of its levels.
You also visited: Sewer.

You collected 522 gold pieces.

Inventory:

Hand Weapons
 a - a +0 falchion
 n - the +8 hand axe "Esoel" {antimagic, +Blink}
   (You found it on level 4 of the Dungeon)

   It reduces the magical energy of the wielder, and disrupts the spells and
   magical abilities of those hit.
   Natural abilities and divine invocations are not affected.
   It lets you blink.
 s - the +7 long sword of Due Proportion (weapon) {elec, rN+ Str+3 Stlth+}
   (You found it on level 4 of the Dungeon)

   Occasionally, upon striking a foe, it will discharge some electrical energy
   and cause terrible harm.
   It affects your strength (+3).
   It protects you from negative energy.
   It makes you more stealthy.
Armour
 e - a +0 cloak (worn)
 m - a +0 shield (worn)
 p - a +0 plate armour (worn)
 w - a cursed +0 pair of gloves (worn)
Jewellery
 y - a ring of positive energy (left hand)
Wands
 b - a wand of acid (11)
Scrolls
 d - a scroll of fear {unknown}
 g - 2 scrolls of magic mapping
 h - 3 scrolls of enchant armour {unknown}
 k - 6 scrolls of remove curse
 r - 5 scrolls of teleportation {unknown}
 v - 2 scrolls of random uselessness {unknown}
 x - a scroll of noise {unknown}
 B - a scroll of enchant weapon {unknown}
Potions
 f - a potion of brilliance {unknown}
 i - a potion of berserk rage
 j - a potion of curing
 o - a potion of agility
 q - 3 potions of heal wounds
 u - 2 potions of mutation
 z - a potion of resistance {unknown}
 A - a potion of flight {unknown}
Comestibles
 c - 13 rations
 l - 9 chunks of flesh


   Skills:
 * Level 7.4 Fighting
 + Level 7.7 Long Blades
 + Level 0.6 Axes
 * Level 8.0 Armour
 * Level 6.1 Dodging
 * Level 4.5 Stealth
 * Level 5.0 Shields


You had 9 spell levels left.
You didn't know any spells.

Dungeon Overview and Level Annotations

Branches:
Dungeon (8/15)             Temple (0/1) D:6            Lair (0/6) D:8

Altars:
Kikubaaqudgha
Makhleb
Nemelex Xobeh
Okawaru
Wu Jian
Xom
Yredelemnul
Zin
The Shining One


Innate Abilities, Weirdness & Mutations

You have a pair of large horns on your head.
You are mostly covered in thin metallic scales. (AC +3)
You are partially covered in sharp spines.


Message History

You feel yourself slow down.
The yaktaur captain unwields an uncursed arbalest.
The yaktaur captain is struck by your spines.
The yaktaur captain hits you but does no damage.
The cyclops is struck by your spines. The cyclops hits you!
The yaktaur captain hits you! The yaktaur captain hits you!!
The yaktaur captain is struck by your spines.
The yaktaur captain barely misses you. The cyclops barely misses you.
The yaktaur captain hits you!!
* * * LOW HITPOINT WARNING * * *
You can move again.
You feel much better. The yaktaur captain hits you.
You block the yaktaur captain's attack. The cyclops hits you!
* * * LOW HITPOINT WARNING * * *
You block the yaktaur captain's attack.
The yaktaur captain wields an uncursed arbalest.
The yaktaur captain shoots a bolt.
The bolt completely misses you.
The yaktaur captain wields an arbalest.
The yaktaur captain shoots a bolt.
The bolt hits you!!
You die...

#..## ##....## ..##
#.##..# .## #.###.#
..## #..##.# ...#
##...#### ...######
######W[##
........####[..##Cc)#
..#####...##. #.#)c.#
..# ###.##.###@####
..# #..##.###.## ###
##.#...###.#
#.#.#..##.#
#.#...#...#
#.##.###### #....#
######


You could see 2 yaktaur captains, a cyclops and a shadow.

Vanquished Creatures
  A yaktaur captain (D:8)
  A hydra (D:8)
  The ghost of Squonk the Grappler, a novice OgTm of Cheibriados (D:8)
  A two-headed ogre (D:8)
  A freezing wraith (D:8)
  A hippogriff (D:8)
  Sigmund (D:2)
  3 yaks (D:8)
  Eustachio (D:5)
  A vampire mosquito (D:8)
  Menkaure (D:4)
  Edmund (D:5)
  A sky beast (D:8)
  An ice beast (D:7)
  A black bear (D:7)
  3 ogres (D:5)
  2 centaurs
  A crocodile (Sewer)
  3 bullfrogs
  2 wyvern zombies
  2 scorpions
  A wight (D:4)
  4 howler monkeys
  5 crimson imps
  A bullfrog zombie (D:8)
  3 hounds
  4 jellies
  An orc priest (D:3)
  2 centaur skeletons
  Crazy Yiuf (D:5)
  Jessica (D:4)
  6 iguanas
  6 orc wizards
  3 worker ants
  A killer bee zombie (D:6)
  A hound zombie (D:6)
  2 worker ant zombies
  7 gnolls
  12 adders
  A howler monkey skeleton (D:4)
  2 shadow imps
  A worm (D:2)
  2 dart slugs (D:2)
  8 leopard geckos
  22 orcs
  3 giant cockroaches
  5 goblins
  9 hobgoblins
  4 jackals
  11 kobolds
  4 quokkas
  10 bats
  6 frilled lizards
  2 leopard gecko zombies
  A rat (D:3)
182 creatures vanquished.

Vanquished Creatures (others)
  A hound skeleton (D:6)
1 creature vanquished.

Grand Total: 183 creatures vanquished

Notes
Turn   | Place    | Note
-------+----------+-------------------------------------------
     0 | D:1      | troglodite the Demonspawn Berserker began the quest for the Orb.
     0 | D:1      | Reached XP level 1. HP: 18/18 MP: 1/1
   113 | D:1      | Gained mutation: You have a pair of small horns on your head. [demonic ancestry]
   113 | D:1      | Reached XP level 2. HP: 9/24 MP: 2/2
   811 | D:2      | Reached skill level 2 in Armour
   811 | D:2      | Gained mutation: You are partially covered in thin metallic scales. (AC +2) [demonic ancestry]
   811 | D:2      | Reached XP level 3. HP: 17/29 MP: 3/3
  1269 | D:2      | Noticed Sigmund
  1275 | D:2      | Killed Sigmund
  1275 | D:2      | Gained mutation: You have a pair of horns on your head. [demonic ancestry]
  1275 | D:2      | Reached XP level 4. HP: 27/37 MP: 4/4
  1275 | D:2      | Reached XP level 5. HP: 31/42 MP: 5/5
  1708 | D:3      | Reached ** piety under Trog
  1714 | D:3      | Reached XP level 6. HP: 49/49 MP: 6/6
  2082 | D:3      | Found a shimmering altar of Xom.
  2645 | D:4      | Reached skill level 3 in Armour
  3189 | D:4      | Found a sparkling altar of Nemelex Xobeh.
  3189 | D:4      | Noticed Jessica
  3209 | D:4      | Killed Jessica
  3308 | D:3      | Reached XP level 7. HP: 55/55 MP: 7/7
  3317 | D:3      | Reached skill level 5 in Fighting
  3354 | D:3      | Reached skill level 4 in Armour
  3741 | D:4      | Got a crude long sword
  3742 | D:4      | Identified the +7 long sword of Due Proportion {elec, rN+ Str+3 Stlth+} (You found it on level 4 of the Dungeon)
  3778 | D:4      | Got an encrusted hand axe
  3779 | D:4      | Identified the +8 hand axe "Esoel" {antimagic, +Blink} (You found it on level 4 of the Dungeon)
  3813 | D:4      | Found a basalt altar of Yredelemnul.
  3815 | D:4      | Reached *** piety under Trog
  3820 | D:4      | Noticed Menkaure
  3825 | D:4      | Found a transporter.
  3827 | D:4      | Found a transporter.
  3842 | D:4      | Found an ancient bone altar of Kikubaaqudgha.
  3847 | D:4      | Killed Menkaure
  4235 | D:5      | Entered Level 5 of the Dungeon
  4293 | D:5      | Reached skill level 1 in Shields
  4362 | D:5      | Noticed Edmund
  4367 | D:5      | Killed Edmund
  4367 | D:5      | Gained mutation: You are mostly covered in thin metallic scales. (AC +3) [demonic ancestry]
  4367 | D:5      | Reached XP level 8. HP: 63/63 MP: 8/8
  4456 | D:5      | Noticed Eustachio
  4457 | D:5      | Reached skill level 5 in Armour
  4465 | D:5      | Killed Eustachio
  4465 | D:5      | Reached skill level 5 in Long Blades
  4513 | D:5      | Got a colourful robe
  4524 | D:5      | Identified the +1 robe "Aduss" {SInv Stlth+} (You found it on level 5 of the Dungeon)
  4548 | D:5      | Reached skill level 1 in Stealth
  4840 | D:5      | Found a runed door.
  4844 | D:5      | Noticed Crazy Yiuf
  4848 | D:5      | Killed Crazy Yiuf
  4890 | D:5      | Found an ornate altar of the Wu Jian Council.
  5036 | D:5      | Found a burning altar of Makhleb.
  5413 | D:6      | Found a glowing drain.
  5429 | Sewer    | Entered a sewer
  5603 | D:6      | Found a glowing golden altar of the Shining One.
  5618 | D:6      | Reached **** piety under Trog
  5759 | D:6      | Gained mutation: You have a pair of large horns on your head. [demonic ancestry]
  5759 | D:6      | Reached XP level 9. HP: 65/69 MP: 9/9
  5894 | D:6      | Found a staircase to the Ecumenical Temple.
  6035 | D:6      | Reached skill level 6 in Armour
  6062 | D:6      | HP: 3/69 [electric eel/bolt of electricity (3)]
  6867 | D:7      | Reached skill level 5 in Dodging
  7249 | D:8      | Found an iron altar of Okawaru.
  7249 | D:8      | Found a glowing silver altar of Zin.
  7323 | D:8      | Noticed Squonk's ghost (novice OgTm)
  7339 | D:8      | Killed Squonk's ghost
  7339 | D:8      | Reached skill level 7 in Armour
  7339 | D:8      | Gained mutation: You are partially covered in sharp spines. [demonic ancestry]
  7339 | D:8      | Reached XP level 10. HP: 77/77 MP: 10/10
  7377 | D:8      | Found a staircase to the Lair.
  7550 | D:8      | Noticed a two-headed ogre
  7554 | D:8      | Killed a two-headed ogre
  7719 | D:8      | Found a runed door.
  7719 | D:8      | Noticed a six-headed hydra
  7719 | D:8      | Noticed a cyclops
  7719 | D:8      | Noticed a yaktaur captain
  7721 | D:8      | Noticed a yaktaur captain
  7721 | D:8      | Noticed a yaktaur captain
  7737 | D:8      | Killed a yaktaur captain
  7740 | D:8      | Killed an eight-headed hydra
  7740 | D:8      | Reached skill level 8 in Armour
  7740 | D:8      | Reached skill level 5 in Shields
  7747 | D:8      | Shot with a bolt by a yaktaur captain

Skill      XL: |  1  2  3  4  5  6  7  8  9 10 |
---------------+-------------------------------+-----
Dodging        | 2 3 4 5 6 |  6.1
Armour         | 2 3 4 5 7 8 |  8.0
Fighting       | 4 5 6 7 |  7.4
Long Blades    | 3 4 5 6 7 |  7.7
Shields        | 1 2 3 5 |  5.0
Stealth        | 2 3 4 |  4.5
Axes           | |  0.6

Action                   |  1- 3 |  4- 6 |  7- 9 | 10-12 || total
-------------------------+-------+-------+-------+-------++-------
Melee: Falchion          |    59 |   144 |    38 |       ||   241
       Headbutt          |    14 |    22 |    46 |    12 ||    94
       Long sword        |       |       |   228 |    39 ||   267
       Hand axe          |       |       |     7 |       ||     7
Invok: Berserk           |     2 |     3 |     3 |     1 ||     9
       Burn Spellbooks   |       |       |     1 |       ||     1
       Brothers in Arms  |       |       |     1 |       ||     1
  Use: Scroll            |       |       |    10 |       ||    10
       Potion            |       |       |       |     1 ||     1
  Eat: Chunk             |     2 |     9 |     7 |     2 ||    20
       Ration            |       |       |     3 |       ||     3
Armor: Animal skin       |    19 |       |       |       ||    19
       Ring mail         |     1 |    24 |       |       ||    25
       Plate armour      |       |    43 |   156 |    35 ||   234
       Chain mail        |       |    25 |       |       ||    25
Dodge: Dodged            |    49 |    72 |    71 |    10 ||   202
Block: Shield            |       |       |    90 |    21 ||   111
       Rpst.: Falchion   |    18 |    29 |     5 |       ||    52
       Long sword        |       |       |    15 |     1 ||    16
